2550 views
Uploaded 2019-12-30 15:18:20
Game version 1.32.0.4
4:43 long 3on3 ladder game on (6)UpperKingdom
Saved by BEARAND
2550 views
Uploaded 2019-12-30 15:18:20
Game version 1.32.0.4
4:43 long 3on3 ladder game on (6)UpperKingdom


/ 0k
13 buildings @ 1.8k
/ 0.5k
| Peasant | 6 | 450 | / | 0 |
| Footman | 6 | 810 | / | 0 |
| total: | 12 | 1260g | / | 0w |
| Barracks | 1 | 160 | / | 60 |
| Farm | 1 | 80 | / | 20 |
| Altar of Kings | 1 | 180 | / | 50 |
| total: | 3 | 420g | / | 130w |
| 0:14 | Peasant |
| 0:17 | Peasant |
| 0:26 | Peasant |
| 0:26 | Peasant |
| 0:40 | Barracks |
| 0:54 | Peasant |
| 0:54 | Peasant |
| 1:58 | Farm |
| 2:21 | Altar of Kings |
| 2:39 | Footman |
| 2:39 | Footman |
| 3:02 | Footman |
| 3:15 | Footman |
| 4:23 | Footman |
| 4:24 | Footman |
| Select | 48 |
| Right click | 45 |
| Build/train/purchase | 13 |
| Misc. action | 1 |
| Esc | 1 |
| Peon | 8 | 600 | / | 0 |
| Grunt | 2 | 400 | / | 0 |
| Peasant | 6 | 450 | / | 0 |
| Footman | 2 | 270 | / | 0 |
| total: | 18 | 1720g | / | 0w |
| Altar of Storms | 1 | 180 | / | 50 |
| Orc Burrow | 2 | 320 | / | 80 |
| Barracks | 1 | 180 | / | 50 |
| Voodoo Lounge | 1 | 130 | / | 30 |
| Altar of Kings | 1 | 180 | / | 50 |
| Farm | 3 | 240 | / | 60 |
| Barracks | 1 | 160 | / | 60 |
| total: | 10 | 1390g | / | 380w |
| 0:02 | Peon |
| 0:02 | Peon |
| 0:02 | Peon |
| 0:08 | Peasant |
| 0:08 | Peasant |
| 0:08 | Peasant |
| 0:18 | Altar of Storms |
| 0:21 | Orc Burrow |
| 0:27 | Altar of Kings |
| 0:30 | Farm |
| 0:34 | Barracks |
| 0:41 | Barracks |
| 0:44 | Peon |
| 0:49 | Peon |
| 0:52 | Peasant |
| 0:52 | Peasant |
| 1:09 | Peon |
| 1:11 | Peasant |
| 1:15 | Farm |
| 1:20 | Peon |
| 1:36 | Peon |
| 1:38 | Orc Burrow |
| 1:44 | Grunt |
| 1:44 | Grunt |
| 1:47 | Footman |
| 1:47 | Footman |
| 1:56 | Farm |
| 2:05 | Voodoo Lounge |
| Right click | 67 |
| Select | 54 |
| Build/train/purchase | 20 |
| Assign group | 5 |
| Select group | 3 |
| Remove unit | 2 |
/ 0k
36 buildings @ 3.4k
/ 1.2k

| Peasant | 17 | 1275 | / | 0 |
| total: | 17 | 1275g | / | 0w |
| Scout Tower | 5 | 150 | / | 100 |
| Guard Tower | 5 | 350 | / | 250 |
| Altar of Kings | 1 | 180 | / | 50 |
| Farm | 3 | 240 | / | 60 |
| Lumber Mill | 1 | 120 | / | 0 |
| Barracks | 2 | 320 | / | 120 |
| total: | 12 | 1010g | / | 330w |
| 0:01 | Peasant |
| 0:02 | Peasant |
| 0:07 | Altar of Kings |
| 0:08 | Farm |
| 0:09 | Peasant |
| 0:16 | Peasant |
| 0:28 | Peasant |
| 0:49 | Lumber Mill |
| 0:56 | Peasant |
| 0:58 | Farm |
| 1:04 | Peasant |
| 1:11 | Peasant |
| 1:22 | Peasant |
| 1:34 | Barracks |
| 1:37 | Barracks |
| 1:44 | Peasant |
| 1:48 | Summon Water Elemental |
| 1:51 | Peasant |
| 1:56 | Peasant |
| 2:03 | Farm |
| 2:23 | Scout Tower |
| 2:35 | Scout Tower |
| 3:09 | Guard Tower |
| 3:11 | Scout Tower |
| 3:12 | Scout Tower |
| 3:12 | Scout Tower |
| 3:34 | Peasant |
| 3:35 | Peasant |
| 3:37 | Peasant |
| 3:38 | Peasant |
| 3:38 | Peasant |
| 3:40 | Improved Masonry |
| 3:41 | Guard Tower |
| 3:45 | Guard Tower |
| 4:10 | Guard Tower |
| 4:41 | Brilliance Aura |
| Right click | 513 |
| Select | 114 |
| Build/train/purchase | 42 |
| Chat | 25 |
| Select group | 16 |
| Assign group | 10 |
| Remove unit | 5 |
| Misc. action | 3 |

| Peon | 16 | 1200 | / | 0 |
| total: | 16 | 1200g | / | 0w |
| Watch Tower | 5 | 550 | / | 400 |
| Altar of Storms | 1 | 180 | / | 50 |
| Orc Burrow | 2 | 320 | / | 80 |
| War Mill | 1 | 205 | / | 0 |
| Voodoo Lounge | 1 | 130 | / | 30 |
| total: | 10 | 1385g | / | 560w |
| 0:03 | Peon |
| 0:03 | Peon |
| 0:08 | Altar of Storms |
| 0:19 | Orc Burrow |
| 0:27 | Peon |
| 0:35 | Peon |
| 0:36 | Peon |
| 0:50 | War Mill |
| 0:57 | Peon |
| 0:57 | Peon |
| 1:13 | Peon |
| 1:16 | Peon |
| 1:33 | Peon |
| 1:42 | Peon |
| 1:57 | Peon |
| 1:57 | Peon |
| 2:08 | Wind Walk |
| 2:33 | Watch Tower |
| 2:37 | Watch Tower |
| 2:48 | Orc Burrow |
| 2:54 | Voodoo Lounge |
| 3:42 | Watch Tower |
| 3:46 | Peon |
| 3:46 | Peon |
| 3:46 | Peon |
| 3:56 | Watch Tower |
| 4:05 | Watch Tower |
| 4:20 | Critical Strike |
| Right click | 198 |
| Select | 73 |
| Build/train/purchase | 20 |
| Remove unit | 2 |
| Misc. action | 1 |

| Peasant | 11 | 825 | / | 0 |
| Footman | 5 | 675 | / | 0 |
| total: | 16 | 1500g | / | 0w |
| Scout Tower | 6 | 180 | / | 120 |
| Guard Tower | 1 | 70 | / | 50 |
| Altar of Kings | 1 | 180 | / | 50 |
| Farm | 5 | 400 | / | 100 |
| Barracks | 1 | 160 | / | 60 |
| Lumber Mill | 1 | 120 | / | 0 |
| total: | 14 | 1040g | / | 330w |
| 0:04 | Peasant |
| 0:04 | Peasant |
| 0:06 | Altar of Kings |
| 0:14 | Farm |
| 0:18 | Peasant |
| 0:24 | Barracks |
| 0:40 | Farm |
| 0:44 | Farm |
| 0:45 | Peasant |
| 1:01 | Peasant |
| 1:09 | Lumber Mill |
| 1:22 | Peasant |
| 1:27 | Footman |
| 1:39 | Farm |
| 1:44 | Peasant |
| 1:49 | Footman |
| 1:57 | Peasant |
| 2:12 | Footman |
| 2:16 | Summon Water Elemental |
| 2:19 | Peasant |
| 2:34 | Footman |
| 2:48 | Peasant |
| 2:53 | Footman |
| 2:58 | Scout Tower |
| 3:01 | Scout Tower |
| 3:04 | Scout Tower |
| 3:33 | Guard Tower |
| 3:43 | Farm |
| 3:45 | Peasant |
| 3:47 | Brilliance Aura |
| 4:13 | Scout Tower |
| 4:14 | Scout Tower |
| 4:15 | Scout Tower |
| Right click | 212 |
| Select group | 202 |
| Select | 62 |
| Chat | 50 |
| Build/train/purchase | 26 |
| Misc. action | 15 |
| Assign group | 12 |
| Esc | 1 |